Map: Proxima Station LE

Players

Neeb - Winner!

  • Race: Protoss Protoss
  • Spawn Location: 1:00

Serral

  • Race: Zerg Zerg
  • Spawn Location: 7:00

Event: WCS Jonkoping 2017

VOD

Have the link to the VOD?

Description

Time

  • Played on: June 19, 2017, 2:09 p.m.
  • Length: 15:36

All games in this series

Show
View Real Time Build Order
Export as new Build Order

Neeb Protoss - Winner!

Build Orders: 1 Gate Expand, Oracle Opening, Phoenix Opening 

Get SALT Encoding   

  12  0:00  Probe (Chrono Boost)  
  13  0:11  Probe (Chrono Boost)  
  14  0:17  Pylon  
  14  0:22  Probe (Chrono Boost)  
  15  0:35  Probe (Chrono Boost)  
  16  0:37  Gateway  
  16  0:45  Probe (Chrono Boost)  
  16  0:48  Assimilator  
  17  0:56  Probe (Chrono Boost)  
  18  1:07  Probe (Chrono Boost)  
  19  1:19  Nexus  
  19  1:22  Probe (Chrono Boost)  
  20  1:32  Cybernetics Core  
  20  1:35  Probe (Chrono Boost)  
  21  1:40  Assimilator  
  21  1:46  Probe (Chrono Boost)  
  22  1:49  Pylon  
  22  1:56  Probe (Chrono Boost)  
  22  2:00  Pylon  
  23  2:07  Probe (Chrono Boost)  
  24  2:09  Adept (Chrono Boost)  
  24  2:12  Warp Gate  
  26  2:20  Probe  
  27  2:22  Pylon  
  27  2:31  Probe, Stargate  
  27  2:32  Probe  
  29  2:39  Adept (Chrono Boost)  
  29  2:42  Probe  
  32  2:44  Probe  
  33  2:53  Probe (Chrono Boost)  
  33  2:56  Probe (Chrono Boost)  
  35  3:05  Probe (Chrono Boost)  
  36  3:08  Probe (Chrono Boost)  
  37  3:14  Probe (Chrono Boost)  
  37  3:15  Oracle (Chrono Boost)  
  37  3:17  Pylon  
  37  3:18  Probe  
  42  3:23  Gateway  
  42  3:24  Gateway  
  42  3:25  Probe  
  43  3:30  Probe  
  43  3:33  Adept  
  46  3:35  Probe  
  46  3:41  Twilight Council  
  47  3:43  Probe, Assimilator  
  47  3:46  Probe  
  49  3:51  Phoenix (Chrono Boost)  
  51  3:55  Pylon  
  51  3:56  Probe x2  
  53  4:08  Probe  
  54  4:12  Probe  
  54  4:15  Nexus  
  55  4:20  Oracle (Chrono Boost)  
  58  4:25  Probe  
  58  4:26  Probe  
  60  4:32  Pylon  
  60  4:34  Pylon  
  60  4:36  Probe  
  60  4:37  Pylon  
  60  4:38  Probe  
  62  4:48  Probe  
  62  4:49  Assimilator  
  62  4:52  Adept x3  
  69  4:53  Probe  
  69  4:59  Probe  
  70  5:01  Robotics Facility  
  70  5:04  Pylon, Resonating Glaives (Chrono Boost)  
  70  5:06  Probe  
  72  5:10  Probe  
  73  5:18  Probe  
  74  5:21  Probe  
  74  5:25  Mothership Core, Adept x3  
  83  5:30  Probe  
  83  5:32  Probe  
  85  5:42  Probe x2  
  86  5:43  Assimilator  
  86  5:45  Probe  
  86  5:47  Warp Prism (Chrono Boost)  
  86  5:48  Assimilator  
  90  5:53  Forge  
  90  5:54  Probe  
  90  5:56  Probe  
  91  5:58  Probe, Gateway  
  91  5:59  Gateway  
  93  6:06  Probe x2  
  93  6:09  Adept x3  
  101  6:11  Probe  
  101  6:14  Pylon  
  101  6:17  Probe  
  102  6:19  Probe  
  102  6:20  Templar Archives  
  102  6:21  Observer (Chrono Boost)  
  102  6:23  Probe  
  106  6:26  Charge  
  106  6:27  Probe  
  106  6:31  Probe  
  108  6:32  Sentry  
  108  6:33  Sentry x2  
  108  6:35  Pylon, Probe  
  108  6:38  Protoss Ground Weapons Level 1 (Chrono Boost)  
  116  6:40  Probe  
  116  6:47  Pylon  
  116  6:48  Pylon, Immortal  
  118  6:58  Psionic Storm  
  118  7:00  High Templar  
  118  7:12  High Templar x2  
  118  7:13  Zealot x2  
  126  7:18  Probe x2  
  126  7:19  Gateway  
  126  7:20  Gateway x2  
  126  7:22  Nexus  
  128  7:24  Pylon  
  128  7:26  Immortal  
  128  7:29  Pylon  
  128  7:32  Pylon  
  128  7:34  High Templar  
  128  7:36  High Templar  
  136  7:47  Pylon  
  136  7:49  Pylon  
  136  7:51  Pylon  
  136  7:53  Photon Cannon, Gateway  
  136  7:54  Gateway  
  136  7:57  Pylon  
  136  7:59  High Templar  
  136  8:00  Immortal, High Templar, Assimilator  
  136  8:05  Assimilator  
  144  8:09  Archon  
  144  8:17  Photon Cannon  
  144  8:23  Protoss Ground Weapons Level 2 (Chrono Boost)  
  144  8:28  Photon Cannon  
  140  8:37  High Templar  
  140  8:38  High Templar x2  
  144  8:44  Photon Cannon  
  144  8:48  Zealot x5  
  144  8:52  Immortal  
  154  8:58  Archon x2  
  158  9:12  Zealot x9  
  170  9:27  Immortal, Archon  
  149  9:35  Zealot  
  153  9:40  High Templar x6  
  153  9:41  Zealot x3  
  153  9:44  Archon x2  
  153  9:45  Archon  
  147  10:01  Photon Cannon, Immortal  
  151  10:11  High Templar x2  
  151  10:12  High Templar x2  
  151  10:13  High Templar  
  159  10:14  Zealot x2  
  159  10:15  Zealot x3  
  168  10:29  Probe x3  
  168  10:34  Fleet Beacon  
  168  10:35  Immortal  
  171  10:37  Nexus, Protoss Ground Weapons Level 3 (Chrono Boost)  
  171  10:38  Zealot x5  
  181  10:55  Archon  
  167  11:09  Zealot x10, Immortal  
  183  11:13  Pylon  
  183  11:14  Archon  
  169  11:31  Archon  
  137  11:39  High Templar  
  137  11:40  High Templar x6  
  137  11:41  Zealot x3  
  137  11:43  Immortal  
  133  12:03  High Templar x3  
  133  12:08  Assimilator  
  119  12:11  Assimilator  
  119  12:13  Robotics Facility  
  119  12:14  Archon  
  119  12:15  Archon  
  119  12:17  Probe, Immortal  
  119  12:18  Probe x4  
  128  12:29  Gateway  
  128  12:30  Probe x2  
  128  12:32  Gateway, High Templar x2  
  128  12:33  Zealot x4  
  128  12:34  Gateway  
  128  12:35  Pylon  
  142  12:37  Photon Cannon, Archon  
  142  12:38  Photon Cannon  
  142  12:40  Photon Cannon x3  
  142  12:41  Gateway  
  142  12:42  Photon Cannon  
  142  12:45  Pylon  
  142  12:49  High Templar x2  
  142  12:50  High Templar  
  142  12:51  High Templar  
  150  12:52  Immortal (Chrono Boost)  
  154  12:59  Archon  
  154  13:01  Probe x2  
  154  13:02  Probe x3  
  154  13:05  Archon  
  141  13:08  Immortal (Chrono Boost)  
  141  13:11  Probe  
  145  13:13  Probe  
  145  13:14  Probe x2  
  145  13:16  Probe  
  156  13:24  Protoss Shields Level 1 (Chrono Boost)  
  156  13:25  Probe  
  156  13:26  Probe  
  158  13:31  Immortal (Chrono Boost)  
  160  13:44  High Templar x2  
  160  13:46  Immortal (Chrono Boost)  
  168  13:50  Pylon, Archon  
  167  14:06  Immortal (Chrono Boost)  
  171  14:10  High Templar x3  
  171  14:11  Stalker x2, High Templar  
  171  14:12  Zealot x2  
  171  14:13  Zealot x3  
  171  14:15  Archon x2  
  193  14:19  Photon Cannon  
  193  14:20  Photon Cannon, Immortal (Chrono Boost)  
  193  14:22  Pylon  
  118  15:06  Zealot x5  
  118  15:07  Zealot x4  
  128  15:10  Probe, High Templar x4  
  128  15:13  Probe x3  
  144  15:15  Probe  
  145  15:23  Probe  
Show
View Real Time Build Order
Export as new Build Order

Serral Zerg 

Build Orders: Hatch First, Swarm Host 

Get SALT Encoding   

  12  0:01  Drone  
  13  0:13  Overlord  
  13  0:17  Drone  
  14  0:31  Drone x2  
  14  0:34  Drone  
  17  0:53  Hatchery  
  17  0:55  Drone  
  17  0:58  Drone  
  18  1:10  Extractor  
  17  1:12  Spawning Pool  
  17  1:16  Drone  
  17  1:19  Drone  
  18  1:28  Drone  
  19  1:39  Drone  
  20  1:59  Queen  
  22  2:05  Zergling x4  
  22  2:06  Queen  
  22  2:07  Drone  
  27  2:10  Metabolic Boost  
  27  2:14  Overlord  
  27  2:19  Drone  
  28  2:35  Drone  
  29  2:37  Drone  
  29  2:40  Hatchery  
  29  2:41  Drone  
  30  2:45  Overlord  
  30  2:47  Drone  
  30  2:50  Drone  
  32  2:59  Queen  
  32  3:01  Overlord  
  32  3:04  Drone  
  35  3:08  Drone  
  35  3:11  Drone x2  
  38  3:14  Drone  
  38  3:16  Drone  
  40  3:20  Overlord  
  40  3:23  Drone x2  
  40  3:26  Drone  
  43  3:34  Queen  
  43  3:35  Drone  
  43  3:40  Spore Crawler  
  43  3:41  Spore Crawler, Drone  
  44  3:42  Drone  
  44  3:48  Drone x3  
  49  3:50  Evolution Chamber  
  49  3:54  Queen  
  50  3:58  Drone  
  50  3:59  Drone  
  50  4:02  Drone x2  
  54  4:09  Overlord  
  54  4:11  Drone x2  
  54  4:13  Spore Crawler  
  55  4:18  Zerg Melee Weapons Level 1  
  55  4:19  Drone x3  
  57  4:25  Overlord  
  57  4:27  Baneling Nest  
  57  4:29  Overlord  
  57  4:30  Drone  
  57  4:31  Drone  
  58  4:35  Overlord  
  58  4:36  Drone  
  59  4:39  Overlord  
  59  4:41  Zergling x4  
  61  4:46  Zergling x4  
  61  4:48  Zergling x2  
  61  4:49  Zergling x2  
  65  4:53  Extractor  
  65  4:54  Lair, Drone x2  
  65  4:55  Extractor  
  65  4:56  Drone  
  65  4:57  Drone  
  65  4:59  Zergling x2  
  68  5:00  Drone  
  68  5:03  Drone  
  68  5:04  Drone x2  
  68  5:06  Drone  
  73  5:10  Zergling x2  
  73  5:11  Drone  
  75  5:15  Drone x3  
  75  5:17  Drone  
  75  5:18  Extractor  
  78  5:22  Overlord  
  78  5:23  Drone x2  
  78  5:24  Extractor, Drone x2  
  80  5:30  Drone  
  80  5:35  Drone  
  82  5:38  Zergling x2  
  82  5:39  Hatchery  
  82  5:45  Overlord  
  82  5:54  Drone x2  
  82  5:55  Infestation Pit, Centrifical Hooks  
  83  5:58  Zergling x2  
  83  5:59  Zergling x12  
  88  6:06  Drone x2  
  88  6:07  Drone  
  88  6:10  Drone  
  90  6:12  Zerg Melee Weapons Level 2  
  90  6:16  Hatchery  
  88  6:23  Overlord  
  88  6:28  Baneling  
  88  6:29  Baneling x7  
  88  6:30  Baneling x4  
  88  6:32  Queen x3  
  90  6:35  Baneling x6  
  90  6:38  Zergling x6  
  97  6:41  Zergling x4  
  97  6:42  Zergling x2  
  97  6:47  Zergling x10  
  101  6:55  Zergling x14  
  108  7:06  Drone x2  
  109  7:13  Overlord x3  
  109  7:14  Spore Crawler, Drone x3  
  109  7:15  Drone x3  
  112  7:30  Swarm Host  
  112  7:31  Swarm Host x6  
  133  7:38  Drone x2  
  133  7:39  Drone  
  133  7:43  Swarm Host x4  
  144  7:47  Overlord  
  144  7:48  Overlord  
  147  7:53  Baneling x4  
  147  8:03  Baneling x8  
  147  8:04  Overlord x2  
  147  8:08  Queen  
  147  8:10  Spine Crawler  
  148  8:20  Zergling x2  
  148  8:21  Zergling x28  
  163  8:27  Spine Crawler  
  163  8:28  Hatchery  
  163  8:32  Zergling x2  
  163  8:33  Zergling x18  
  159  8:45  Zergling x8  
  160  8:49  Zergling x6  
  160  8:52  Baneling x8  
  160  8:53  Hive, Baneling x4  
  160  8:55  Zerg Ground Armor Level 1  
  163  9:04  Baneling x12  
  163  9:06  Zergling x2  
  163  9:07  Zergling x18  
  166  9:18  Zergling x14  
  166  9:19  Zergling x8  
  168  9:30  Zergling x2  
  168  9:31  Zergling x22  
  161  9:37  Baneling x8  
  161  9:39  Zergling x6  
  161  9:45  Hatchery  
  162  9:46  Swarm Host x4  
  165  9:59  Swarm Host x2  
  161  10:00  Swarm Host  
  161  10:06  Zergling x14  
  161  10:07  Zergling x8  
  181  10:11  Ultralisk Cavern  
  181  10:13  Extractor  
  179  10:20  Baneling x5  
  179  10:24  Zergling x4  
  179  10:25  Overlord x3  
  181  10:33  Extractor, Spine Crawler  
  179  10:39  Adrenal Glands  
  166  10:53  Zergling x28  
  166  10:54  Zergling x10  
  164  10:57  Zergling x2  
  164  10:58  Zergling x14  
  170  11:07  Baneling x5  
  170  11:08  Baneling  
  170  11:12  Zergling x12  
  170  11:16  Zerg Melee Weapons Level 3  
  170  11:20  Zergling x12  
  170  11:24  Queen  
  152  11:32  Zergling x2  
  142  11:33  Zergling x20  
  132  11:48  Chitinous Plating  
  132  11:53  Ultralisk x2  
  100  12:02  Ultralisk  
  100  12:04  Overseer  
  100  12:08  Drone  
  99  12:09  Drone x3  
  99  12:10  Drone x3  
  99  12:12  Spore Crawler  
  104  12:17  Drone x6  
  110  12:29  Zergling x20  
  120  12:41  Baneling  
  120  12:42  Baneling x5  
  119  12:46  Zergling x2  
  119  12:47  Zergling x8  
  124  12:51  Baneling  
  124  12:52  Baneling x9  
  124  12:57  Hatchery, Zergling x4  
  124  12:58  Zergling x6  
  125  13:06  Drone x3  
  125  13:07  Drone  
  128  13:15  Ultralisk x2  
  140  13:22  Baneling  
  140  13:23  Baneling x6  
  140  13:26  Ultralisk  
  146  13:30  Viper x2  
  152  13:34  Extractor  
  152  13:36  Drone x2  
  153  13:41  Ultralisk  
  153  13:42  Zergling x12  
  165  13:52  Zergling x12  
  165  13:53  Zergling x8  
  163  14:13  Zergling x16  
  163  14:14  Zergling x2  
  163  14:16  Overseer x2  
  163  14:17  Overseer x2  
  172  14:18  Drone x3  
  172  14:19  Baneling x2  
  172  14:20  Baneling x5  
  172  14:21  Baneling x3  
  175  14:28  Zergling x10  
  175  14:29  Zergling x8  
  184  14:42  Spore Crawler  
  184  14:43  Spore Crawler x3  
  172  14:47  Queen x2  
  172  14:48  Queen  
  124  15:00  Zergling x26  
  124  15:01  Zergling x4  
  111  15:09  Zergling x2  
  111  15:10  Zergling x8  
  111  15:11  Overseer  
  116  15:16  Zergling x12  
Tags
 
Add a new tag
Caveats
  • Supply blocks, unpowered buildings, or Contaminate may cause inaccurate times.
  • Supply counts are checked every 10 seconds.